AoeStats
← luisvideorock

Nomad

509226499Analyzed
4v4 RM · 5d ago on Sep 26, 2026· 42m 4s· 8 players
Game mode
Random Map
Map size
231×231
Population
200
Speed
Normal
Resources
Standard
Victory
Conquest
Starting age
Dark Age
Ending age
Imperial Age
RankedLock teamsTeams togetherTeam positionsShared explorationLock speedFull tech treeHidden civsTurbo modeCheats
Victory
Defeat
🇺🇸 Spanish · United States
869
+18
🇺🇸 Italians · United States
857
+18
🇨🇳 Mongols · China
820
+20
🇲🇽 Persians · Mexico
795
+20
🇲🇽 Mongols · Mexico
927
-20
🇲🇽 Vikings · Mexico
906
-19
🇲🇽 Khmer · Mexico
899
-19
🇲🇽 Franks · Mexico
883
-18
LordMiguelSg
14:29 Feudal Age
13:13 Loom
14:06 Loom
15:27 Double-Bit Axe
15:26 Horse Collar
19:41 Man-at-Arms
20:10 Horse Collar
25:11 Castle Age
25:48 Stone Mining
27:37 Bow Saw
28:34 Heavy Plow
29:13 Wheelbarrow
30:05 Fletching
33:22 Redemption
38:28 Imperial Age
38:10 Gold Mining
38:45 Hand Cart
41:15 Conscription
Leonidas308284
4:27 Loom
17:54 Feudal Age
18:16 Double-Bit Axe
18:13 Man-at-Arms
20:02 Town Watch
26:30 Castle Age
25:10 Horse Collar
27:19 Pikeman
29:23 Squires
32:08 Husbandry
34:39 Kamandaran
34:50 Gold Mining
35:02 Light Cavalry
35:52 Bloodlines
36:02 Padded Archer Armor
35:59 Crossbowman
37:36 Bow Saw
37:50 Leather Archer Armor
37:25 Fletching
39:08 Wheelbarrow
43:05 Imperial Age
41:41 Stone Mining
42:26 Gold Shaft Mining
Gen Ledger4696
6:05 Loom
18:43 Feudal Age
19:15 Double-Bit Axe
19:36 Fishing Lines
27:55 Castle Age
27:08 Forging
27:03 Scale Barding Armor
26:58 Padded Archer Armor
28:04 Wheelbarrow
28:25 Elite Skirmisher
28:29 Light Cavalry
29:19 Bloodlines
30:56 Fletching
32:41 Pikeman
35:23 Bloodlines
35:14 Husbandry
39:29 Imperial Age
38:14 Horse Collar
38:52 Bow Saw
40:20 Leather Archer Armor
40:41 Iron Casting
40:27 Chain Barding Armor
40:02 Bodkin Arrow
40:38 Conscription
41:54 Wheelbarrow
41:04 Town Watch
42:13 Hoardings
SCON
15:09 Feudal Age
15:31 Man-at-Arms
21:03 Forging
27:03 Castle Age
26:08 Scale Barding Armor
26:24 Horse Collar
27:16 Double-Bit Axe
32:29 Wheelbarrow
34:45 Iron Casting
39:03 Gold Mining
41:27 Light Cavalry
42:18 Bloodlines
jlcal100
11:19 Loom
14:09 Feudal Age
14:44 Double-Bit Axe
14:42 Horse Collar
16:06 Town Watch
24:55 Gold Mining
25:40 Fletching
25:54 Padded Archer Armor
26:35 Forging
30:49 Castle Age
29:45 Stone Mining
30:47 Scale Mail Armor
31:11 Crossbowman
32:35 Thumb Ring
34:25 Bodkin Arrow
Art_V8
21:41 Feudal Age
30:13 Castle Age
28:15 Double-Bit Axe
34:29 Castle Age
leonm96
4:23 Loom
15:31 Feudal Age
16:56 Double-Bit Axe
20:41 Castle Age
22:22 Elite Skirmisher
26:40 Horse Collar
26:57 Crossbowman
luisvideorock
19:34 Feudal Age
17:52 Loom
19:37 Man-at-Arms
21:02 Fishing Lines
25:46 Castle Age
24:04 Scale Mail Armor
25:12 Forging
31:40 Double-Bit Axe
31:49 Gold Mining
31:50 Stone Mining
Connection lost

Rejoining the realm…

Still unreachable

The connection could not be restored.

Session expired

The server has moved on; the page needs a fresh start.